 Dungeon Crawl Stone Soup version 0.27-a0-1191-g601b473118 (webtiles) character file.

Game seed: 5550034188459276460

1973 Froggeryz the Martial Artist (level 9, 0/52 (57) HPs)
             Began as a Demonspawn Ice Elementalist on May 24, 2021.
             Was an Initiate of Cheibriados.
             Slain by a wight
             ... wielding a +2 war axe of freezing
              (5 damage)
             ... on level 7 of the Dungeon.
             The game lasted 00:09:30 (8358 turns).

Froggeryz the Martial Artist (DsIE)                 Turns: 8358, Time: 00:09:30

HP:   0/52 (57)     AC:  5    Str:  9    XL:     9   Next: 0%
MP:   0/12          EV: 15    Int: 18    God:    Cheibriados [......]
Gold: 326           SH:  0    Dex: 21    Spells: 8/12 levels left

rFire    + + .     SeeInvis .     - Unarmed
rCold    . . .     Faith    .   (no shield)
rNeg     . . .     Spirit   .   a - +0 robe
rPois    .         Reflect  .   (helmet restricted)
rElec    .         Harm     .   (no cloak)
rCorr    +         Rampage  .   (no gloves)
Will     .....                  s - +0 pair of boots
Stlth    ++........             (no amulet)
HPRegen  0.17/turn              l - ring "Iggum" {rF++ rCorr Str-3 Dex+6 Slay+5}
MPRegen  0.13/turn              (no ring)

@: freezing walls, very slightly contaminated, drained, very slow
A: antennae 2, ignite blood 1, sharp scales 2, demonic magic 2
a: Renounce Religion, Bend Time


You were on level 7 of the Dungeon.
You worshipped Cheibriados.
Cheibriados was noncommittal.
You visited 2 branches of the dungeon, and saw 8 of its levels.

You collected 368 gold pieces.
You spent 42 gold pieces at shops.

Inventory:

Armour
 a - a +0 robe (worn)
 s - a +0 pair of boots (worn)
Jewellery
 i - a +6 ring of strength
 l - the ring "Iggum" (left hand) {rF++ rCorr Str-3 Dex+6 Slay+5}
   (You found it on level 4 of the Dungeon)

   [ring of dexterity]

   It affects your strength (-3).
   It affects your dexterity (+6).
   It affects your accuracy and damage with ranged weapons and melee attacks
   (+5).
   It greatly protects you from fire.
   It protects you from acid and corrosion.
Wands
 e - a wand of flame (10)
 r - a wand of charming (8)
Scrolls
 c - 2 scrolls of fear
 f - a scroll of teleportation
 k - 2 scrolls of enchant weapon
 m - 2 scrolls of magic mapping {unknown}
 n - a scroll of vulnerability {unknown}
 o - 2 scrolls of identify
 q - a scroll of amnesia {unknown}
 t - a scroll of immolation {unknown}
Potions
 b - 4 potions of curing
 d - a potion of resistance
 g - a potion of invisibility
 h - 2 potions of mutation
 j - a potion of flight {unknown}
 p - 2 potions of berserk rage {unknown}


   Skills:
 + Level 4.7 Dodging
 - Level 1.7 Stealth
 + Level 8.4 Unarmed Combat
 - Level 2.0 Spellcasting
 - Level 6.0 Ice Magic


You had 8 spell levels left.
You knew the following spells:

 Your Spells              Type           Power      Damage    Failure   Level
a - Freeze                Ice            92%        1d10      1%          1
b - Frozen Ramparts       Ice            46%        1d6       4%          3

Your spell library contained the following spells:

 Spells                   Type           Power      Damage    Failure   Level
 Ozocubu's Armour         Ice            23%        N/A       4%          3
 Animate Skeleton         Necr           2%         N/A       19%         1
 Magic Dart               Conj           4%         1d3       19%         1
 Pain                     Necr           4%         1d4       19%         1
 Blink                    Tloc           N/A        N/A       26%         2
 Call Imp                 Summ           1%         N/A       26%         2
 Slow                     Hex            1%         N/A       26%         2
 Hailstorm                Conj/Ice       12%        3d5       45%         4
 Confusing Touch          Hex            1%         N/A       47%         3
 Conjure Flame            Conj/Fire      1%         6-21      47%         3
 Gell's Gravitas          Tloc           0%         N/A       47%         3
 Ignite Poison            Fire/Tmut/Pois 1%         N/A       47%         3
 Mephitic Cloud           Conj/Pois/Air  1%         N/A       47%         3
 Vampiric Draining        Necr           0%         2d6       47%         3
 Metabolic Englaciation   Hex/Ice        6%         N/A       82%         5
 Animate Dead             Necr           0%         N/A       87%         4
 Petrify                  Tmut/Erth      1%         N/A       87%         4
 Agony                    Necr           1%         N/A       99%         5
 Yara's Violent Unravell  Hex/Tmut       0%         3d3       99%         5
 Statue Form              Tmut/Erth      0%         N/A       100%        6


Dungeon Overview and Level Annotations

Branches:
Dungeon (7/15)             Temple (1/1) D:7

Altars:
Ashenzari
Cheibriados
Dithmenos
Elyvilon
Fedhas
Gozag
Hepliaklqana
Kikubaaqudgha
Makhleb
Nemelex Xobeh
Okawaru
Trog
Uskayaw
Vehumet
Wu Jian
Yredelemnul
Zin

Shops:
D:2 *   D:6 (

Annotations:
D:3 2 runed translucent doors, wpisznazwe's ghost, weakling GrIE


Innate Abilities, Weirdness & Mutations

You have a pair of antennae on your head.
Your demonic aura sometimes causes spilled blood to erupt in flames.
You are mostly covered in razor-sharp scales. (AC +2, Slay +2)
Spells you cast may paralyse nearby enemies.


Message History

The frozen ramparts melt away.
The wight hits you with a +2 war axe of freezing.
You feel drained. The wight freezes you.
You barely miss the wight.
The wight is heavily damaged.
Casting: Frozen Ramparts (dangerous; 4% risk of failure)
Confirm with . or Enter, or press ? or * to list all spells.
Casting: Frozen Ramparts (dangerous; 4% risk of failure)
Press: ? - help, Dir - look around, f - activate You miscast Frozen Ramparts.
You are very lightly contaminated with residual magic.
Nothing appears to happen.
The wight hits you with a +2 war axe of freezing.
The wight freezes you.
You closely miss the wight.
The wight is heavily damaged.
The wight misses you.
Casting: Frozen Ramparts (dangerous; 4% risk of failure)
Confirm with . or Enter, or press ? or * to list all spells.
Casting: Frozen Ramparts (dangerous; 4% risk of failure)
Press: ? - help, Dir - look around, f - activate You miscast Frozen Ramparts.
Nothing appears to happen.
The wight hits you with a +2 war axe of freezing.
You feel drained. The wight freezes you.
Casting: Frozen Ramparts (dangerous; 4% risk of failure)
Confirm with . or Enter, or press ? or * to list all spells.
Casting: Frozen Ramparts (dangerous; 4% risk of failure)
Press: ? - help, Dir - look around, f - activate The walls around you are covered in ice.
Malevolent energies surge around you.
The wight resists.
The wall freezes the wight.
The wight misses you.
You hit the wight.
The wight is almost destroyed.
The wight resists.
The wall freezes the wight.
The wight hits you with a +2 war axe of freezing!
* * * LOW HITPOINT WARNING * * *
You feel drained.
* * * LOW HITPOINT WARNING * * *
The wight freezes you.
You die...

###########
#####.........#
######..............
#.z@.......#######..
#.####)##### #.. #.
#.# ######.. #. #.#
........ #. #.#
######.. #z #.# #..
#. #.# #.. #. ..#
#.. ### #.#


You could see a wight.

Vanquished Creatures
  A hornet zombie (D:5)
  A black bear (D:5)
  An ogre (D:5)
  3 phantoms
  Blork the orc (D:6)
  4 scorpions
  A bullfrog (D:7)
  A water moccasin zombie (D:5)
  2 wyvern skeletons (D:6)
  5 killer bees (D:7)
  A water moccasin skeleton (D:6)
  A wight (D:7)
  A centaur zombie (D:6)
  A hound (D:5)
  2 jellies (D:6)
  A bullfrog skeleton (D:6)
  4 orc priests
  A gnoll shaman (D:5)
  Jessica (D:3)
  2 iguanas
  3 orc wizards
  A hound skeleton (D:5)
  5 adders
  8 gnolls
  3 dart slugs
  12 orcs
  4 endoplasms
  3 giant cockroaches
  5 goblins
  6 hobgoblins
  2 quokkas
  4 ball pythons
  6 bats
  A frilled lizard (D:1)
  A jackal skeleton (D:4)
  4 kobolds
  2 rats
105 creatures vanquished.

Notes
Turn   | Place    | Note
-------+----------+-------------------------------------------
     0 | D:1      | Froggeryz the Demonspawn Ice Elementalist began the quest
                  | for the Orb.
     0 | D:1      | Reached XP level 1. HP: 13/13 MP: 3/3
   470 | D:1      | Gained mutation: Spells you cast may paralyse adjacent
                  | enemies. [demonic ancestry]
   470 | D:1      | Reached XP level 2. HP: 19/19 MP: 3/5
  1306 | D:2      | Reached skill level 1 in Unarmed Combat
  1360 | D:2      | Reached XP level 3. HP: 24/24 MP: 4/6
  1881 | D:2      | Gained mutation: You have a pair of small antennae on your
                  | head. [demonic ancestry]
  1881 | D:2      | Reached XP level 4. HP: 19/30 MP: 1/7
  2025 | D:2      | Reached skill level 2 in Unarmed Combat
  2025 | D:2      | Reached skill level 5 in Ice Magic
  2494 | D:2      | Found Oxka's General Store.
  2502 | D:2      | Bought a potion of curing for 42 gold pieces
  2595 | D:3      | Gained mutation: You have a pair of antennae on your head.
                  | [demonic ancestry]
  2595 | D:3      | Reached XP level 5. HP: 31/35 MP: 4/8
  2766 | D:3      | Noticed Jessica
  2808 | D:3      | Killed Jessica
  2999 | D:3      | Found a large runed translucent door.
  2999 | D:3      | Found a large runed translucent door.
  3000 | D:3      | Noticed wpisznazwe's ghost (weakling GrIE)
  3718 | D:3      | Found a faded altar of an unknown god.
  4570 | D:4      | Identified the ring "Iggum" {rF++ rCorr Str-3 Dex+6 Slay+5}
  4735 | D:5      | Entered Level 5 of the Dungeon
  4755 | D:5      | Noticed a black bear
  4772 | D:5      | Killed a black bear
  4773 | D:5      | Reached skill level 3 in Unarmed Combat
  4773 | D:5      | Gained mutation: Your demonic aura sometimes causes spilled
                  | blood to erupt in flames. [demonic ancestry]
  4773 | D:5      | Reached XP level 6. HP: 23/41 MP: 4/9
  5043 | D:5      | Learned a level 3 spell: Frozen Ramparts
  5107 | D:5      | Identified the Tome of Dark Rituals and Transformation
  5304 | D:5      | Reached skill level 4 in Unarmed Combat
  5555 | D:5      | Gained mutation: You are partially covered in razor-sharp
                  | scales. (AC +1, Slay +1) [demonic ancestry]
  5555 | D:5      | Reached XP level 7. HP: 20/46 MP: 3/10
  5618 | D:5      | Reached skill level 5 in Unarmed Combat
  6344 | D:5      | Found a hazy altar of Hepliaklqana.
  6344 | D:5      | Found a broken altar of Ashenzari.
  6469 | D:5      | Found Hinecs's Weapon Boutique.
  6581 | D:5      | Reached skill level 6 in Unarmed Combat
  6890 | D:6      | Gained mutation: You are mostly covered in razor-sharp
                  | scales. (AC +2, Slay +2) [demonic ancestry]
  6890 | D:6      | Reached XP level 8. HP: 22/52 MP: 8/11
  6894 | D:6      | Reached skill level 7 in Unarmed Combat
  7534 | D:6      | Found Noacikh's Weapon Shoppe.
  7648 | D:6      | Noticed Blork the orc
  7663 | D:6      | Killed Blork the orc
  7709 | D:6      | Reached skill level 8 in Unarmed Combat
  8067 | D:7      | Found a staircase to the Ecumenical Temple.
  8188 | Temple   | Entered the Ecumenical Temple
  8241 | Temple   | Became a worshipper of Cheibriados the Contemplative
  8350 | D:7      | Gained mutation: Spells you cast may paralyse nearby
                  | enemies. [demonic ancestry]
  8350 | D:7      | Reached XP level 9. HP: 30/56 MP: 8/12
  8358 | D:7      | Slain by a wight

Illustrated notes

Levels and vault maps discovered:
D:1:      nagdon_arrival_zigzag_paths, layout_basic, minmay_fountain_box
D:2:      cheibrodos_pilgrimage, layout_basic, serial_shops, shop
D:3:      layout_basic, ebering_ghost_disaster_area, basic_ecumenical_altar,
          st_stairs_5, uniq_jessica
D:4:      layout_gridville
D:5:      layout_loops_ring, gammafunk_temple_overflow_wave, serial_shops, shop,
          grunt_ministairs_2, dk_noncrumbling_4
D:6:      layout_basic, serial_shops, shop, uniq_blork_the_orc
D:7:      layout_loops_ring, grunt_temple_overflow_diamond, lemuel_tele_altar,
          kennysheep_mini, minmay_temple_entry_drinking_statues, serial_shops,
          shop_statue
Temple:   eino_wide_crystal_templ

Skill      XL: |  1  2  3  4  5  6  7  8 |
---------------+-------------------------+-----
Ice Magic      | 4 5 6 |  6.0
Unarmed Combat | 1 2 3 4 6 8 |  8.4
Dodging        | 4 |  4.7
Stealth        | |  1.7
Spellcasting   | |  2.0

Action                   |  1- 3 |  4- 6 |  7- 9 || total
-------------------------+-------+-------+-------++-------
Melee: Unarmed           |    18 |    61 |   111 ||   190
       Punch             |       |     2 |     8 ||    10
 Cast: Freeze            |    39 |    63 |    12 ||   114
       Frozen Ramparts   |       |     4 |    17 ||    21
Evoke: Wand              |       |       |     2 ||     2
  Use: Scroll            |       |     7 |       ||     7
       Potion            |       |     1 |       ||     1
 Stab: Sleeping          |     1 |     3 |     1 ||     5
       Paralysed         |       |     5 |     6 ||    11
Armor: Robe              |    11 |    11 |     9 ||    31
Dodge: Dodged            |    32 |    51 |    48 ||   131

Table legend: (Time is in decaauts)
 A = Elapsed time spent in this place.
 B = Non-inter-level travel time spent in this place.
 C = Inter-level travel time spent in this place.
 D = Time resting spent in this place.
 E = Time spent auto-exploring this place.
 F = Levels seen in this place.
 G = Mean time per level.
                   A        B        C        D        E       F      G
               +--------+--------+--------+--------+--------+-----+--------+
         Total |   8366 |   8045 |    321 |    984 |   6088 |   8 | 1045.8 |
       Dungeon |   8283 |   7989 |    294 |    984 |   6038 |   7 | 1183.3 |
        Temple |     82 |     55 |     27 |      0 |     50 |   1 |   82.0 |
               +--------+--------+--------+--------+--------+-----+--------+

Top non-repeatable levels by time:
     D:5: 1994 daAuts
     D:3: 1430 daAuts
     D:1: 1377 daAuts
     D:6: 1284 daAuts
     D:2: 1196 daAuts
     D:4: 728 daAuts
     D:7: 272 daAuts
  Temple: 82 daAuts
